 Dungeon Crawl Stone Soup version 0.22-a0-567-gff9aefc (webtiles) character file.

57 kae the Chiller (level 4, 0/30 HPs)
             Began as a Merfolk Ice Elementalist on June 29, 2018.
             Slain by a centaur (9 damage)
             ... on level 2 of the Dungeon.
             The game lasted 00:02:04 (1309 turns).

kae the Chiller (Merfolk Ice Elementalist)          Turns: 1309, Time: 00:02:05

Health: 0/30       AC:  3    Str:  9    XL:     4   Next: 0%
Magic:  5/8        EV: 13    Int: 14    God:
Gold:   33         SH:  0    Dex: 14    Spells: 2/8 levels left

rFire    . . .     SeeInvis .   (no weapon)
rCold    . . .     Gourm    .   (no shield)
rNeg     . . .     Faith    .   a - +0 robe
rPois    .         Spirit   .   e - +0 helmet
rElec    .         Reflect  .   (no cloak)
rCorr    .         Harm     .   (no gloves)
MR       .....                  (no boots)
Stlth    ++........             h - amulet of regeneration
HPRegen  0.50/turn              (no ring)
MPRegen  0.11/turn              (no ring)

@: no status effects
A: change form in water, swift swim, stealthy swim
a: no special abilities


You were on level 2 of the Dungeon.
You were very hungry.

You visited 1 branch of the dungeon, and saw 2 of its levels.

You collected 33 gold pieces.

Inventory:

Armour
 a - a +0 robe (worn)
 e - a +0 helmet (worn)
Jewellery
 h - an amulet of regeneration (around neck)
Scrolls
 d - a scroll of teleportation
 f - a scroll of remove curse {unknown}
Potions
 b - a potion of flight {unknown}
 g - 2 potions of invisibility
Comestibles
 c - 5 rations


   Skills:
 - Level 2.6 Dodging
 - Level 2.1 Stealth
 + Level 2.7 Spellcasting
 - Level 0.7 Conjurations
 * Level 4.7 Ice Magic


You had 2 spell levels left.
You knew the following spells:

 Your Spells              Type           Power        Failure   Level  Hunger
a - Freeze                Ice            ###.         3%          1    #......
b - Throw Frost           Conj/Ice       #.....       11%         2    ###....
c - Ozocubu's Armour      Chrm/Ice       #.......     26%         3    ###....

Your spell library contained the following spells:

 Spells                   Type           Power        Failure   Level  Hunger
 Summon Ice Beast         Ice/Summ       #.......     63%         4    #####..
 Throw Icicle             Conj/Ice       #.......     58%         4    #####..


Dungeon Overview and Level Annotations

Branches:
Dungeon (2/15)

Altars:


Message History

The centaur closely misses you. The centaur hits you.
Casting: Freeze (safe; 3% risk of failure)
Confirm with . or Enter, or press ? or * to list all spells.
Aiming: Freeze (safe; 3% risk of failure)
Press: ? - help, Shift-Dir - straight line, f/p - centaur
Aim: a centaur (lightly wounded)
You freeze the centaur.
The centaur is moderately wounded.
The centaur hits you.
Casting: Freeze (safe; 3% risk of failure)
Confirm with . or Enter, or press ? or * to list all spells.
Aiming: Freeze (safe; 3% risk of failure)
Press: ? - help, Shift-Dir - straight line, f/p - centaur
Aim: a centaur (moderately wounded)
You freeze the centaur.
The centaur is heavily wounded.
The centaur hits you!
* * * LOW HITPOINT WARNING * * *
The centaur hits you!
You die...

.........##.....#.#.#
.........##.........# ..
#...................##...### ...
........................#..
...##..................#....#.#
.........c.............#...>..#
.......................#......#
............###c.(......#<.....#
.........)...###@..........##.#.#
...............(..............#.#
#.........................#......
#...............÷.##.......).....
#.........##......##......#......
#.........##......##......#......
#......÷..######.###......#......
#.........# #.#........#......
#.....)...# ####.#.#......#......


You could see a centaur.

Vanquished Creatures
  An adder (D:2)
  A worm (D:2)
  2 dart slugs
  A leopard gecko (D:1)
  2 giant cockroaches (D:1)
  6 goblins
  9 hobgoblins
  2 bats (D:1)
  2 frilled lizards
  6 kobolds
  5 rats
37 creatures vanquished.

Notes
Turn   | Place    | Note
-------+----------+-------------------------------------------
     0 | D:1      | kae the Merfolk Ice Elementalist began the quest for the Orb.
     0 | D:1      | Reached XP level 1. HP: 13/13 MP: 3/3
   143 | D:1      | Reached XP level 2. HP: 19/19 MP: 3/5
   428 | D:1      | Reached skill level 4 in Ice Magic
   519 | D:1      | Reached XP level 3. HP: 23/24 MP: 2/6
   887 | D:2      | Learned a level 2 spell: Throw Frost
   893 | D:2      | Learned a level 3 spell: Ozocubu's Armour
  1161 | D:2      | Reached XP level 4. HP: 14/30 MP: 0/8
  1299 | D:2      | Noticed a centaur
  1309 | D:2      | Slain by a centaur

Vault maps used:
D:1:      lightli_iron_boxes

Skill      XL: |  1  2 |
---------------+-------+-----
Ice Magic      | 4 |  4.7
Dodging        | |  2.6
Stealth        | |  2.1
Spellcasting   | |  2.7
Conjurations   | |  0.7

Action                   |  1- 3 |  4- 6 || total
-------------------------+-------+-------++-------
Melee: Unarmed           |    41 |       ||    41
 Cast: Freeze            |    56 |     4 ||    60
  Use: Scroll            |     4 |       ||     4
  Eat: Chunk             |     1 |       ||     1
Armor: Robe              |    13 |       ||    13
Dodge: Dodged            |    43 |     3 ||    46

Table legend:
 A = Spawn XP
 B = Non-spawn XP
 C = Spawn XP percentage of total XP
 D = Spawn monster count
 E = Non-spawn monster count
 F = Spawn count percentage of total count
 G = Total turns spent on level
                    A         B        C        D         E        F      G
               +---------+---------+-------+---------+---------+-------+---------
         Total |       0 |      82 |   0.0 |       0 |      37 |   0.0 |  1309
               +---------+---------+-------+---------+---------+-------+---------
           D:1 |       0 |      51 |   0.0 |       0 |      28 |   0.0 |   878
           D:2 |       0 |      31 |   0.0 |       0 |       9 |   0.0 |   431
               +---------+---------+-------+---------+---------+-------+---------
